Map: Reclamation LE

Players

A.I. 3 (Very Easy)

  • Race: Zerg Zerg
  • Spawn Location: 5:00

A.I. 2 (Very Easy)

  • Race: Protoss Protoss
  • Spawn Location: 6:00

Alebay - Winner!

  • Race: Zerg Zerg
  • Spawn Location: 11:00

MattBarry - Winner!

  • Race: Protoss Protoss
  • League: Gold
  • Spawn Location: 12:00

VOD

Have the link to the VOD?

Description

Time

  • Played on: Feb. 11, 2023, 6:13 a.m.
  • Length: 73:42
Show
View Real Time Build Order
Export as new Build Order

A.I. 3 (Very Easy) Zerg 

Build Orders: Pool Only 

Get SALT Encoding   

  12  0:00  Drone, Overlord  
  12  0:04  Drone  
  14  0:25  Drone  
  14  0:33  Spawning Pool, Drone  
  14  0:35  Extractor, Overlord  
  14  1:07  Queen  
  16  1:12  Zergling x2  
  17  1:24  Drone  
  17  1:25  Zergling x2  
  18  1:32  Roach Warren  
  17  1:33  Drone  
  18  1:40  Drone  
  18  1:41  Zergling x2  
  20  1:47  Drone  
  20  1:53  Overlord  
  21  1:55  Drone  
  22  2:02  Drone  
  23  2:09  Drone  
  25  4:05  Zergling x2  
  24  4:21  Lair  
  24  4:34  Zergling x2  
  25  4:40  Queen  
  25  4:42  Drone  
  23  4:49  Drone  
  23  4:56  Drone  
  18  5:02  Roach  
  18  5:03  Drone  
  15  5:10  Drone  
  15  5:11  Drone  
  13  5:19  Overseer x2  
  12  5:21  Extractor  
Show
View Real Time Build Order
Export as new Build Order

A.I. 2 (Very Easy) Protoss 

Build Orders:  

Get SALT Encoding   

  12  0:00  Probe x2  
  14  0:19  Pylon  
  14  0:29  Gateway  
  14  0:34  Assimilator  
  14  0:46  Pylon  
  14  0:48  Probe  
  7  1:17  Probe  
  4  1:58  Probe  
  2  2:29  Probe  
  3  2:46  Probe  
  3  3:02  Probe  
  4  3:13  Probe  
  5  3:21  Probe  
  6  3:29  Probe  
  7  3:36  Probe  
  7  3:45  Probe  
  8  3:52  Probe  
  9  3:59  Probe  
  10  4:06  Probe  
  11  4:13  Probe  
  14  4:36  Pylon  
  14  4:51  Cybernetics Core  
  14  5:03  Stalker  
  16  5:12  Probe  
  16  5:19  Probe  
  16  5:24  Assimilator  
  16  5:27  Probe  
  17  5:34  Probe  
  18  5:37  Stalker  
  18  5:41  Pylon, Probe  
  18  5:48  Probe  
  13  5:55  Probe  
  8  6:02  Probe  
  1  6:09  Probe  
  1  6:17  Probe  
  2  6:24  Probe  
  3  6:30  Assimilator  
  3  6:31  Gateway, Probe  
  3  6:38  Probe  
  4  6:41  Stalker  
  4  6:45  Probe  
  7  6:52  Probe  
  8  7:00  Probe  
  9  7:07  Pylon, Probe  
  9  7:08  Observer  
  10  7:10  Robotics Facility  
  10  7:14  Probe  
  12  7:22  Probe  
  13  7:24  Observer  
  13  7:29  Probe  
  15  7:34  Nexus  
  15  7:36  Zealot, Probe  
  18  7:43  Probe  
  19  7:50  Probe  
  20  7:58  Probe  
  21  8:05  Assimilator, Probe  
  22  8:12  Probe  
  23  8:19  Probe  
  24  8:27  Probe  
  20  8:30  Adept  
  20  8:34  Probe  
  22  8:41  Probe  
  22  8:46  Immortal  
  22  8:48  Probe  
  22  8:55  Probe  
  24  9:03  Probe  
  19  9:10  Probe  
  16  9:17  Probe  
  17  9:24  Pylon  
  17  9:25  Probe  
  18  9:32  Probe  
  15  9:39  Probe  
  16  9:47  Pylon, Probe  
  15  9:55  Probe  
  8  10:04  Probe  
  8  10:11  Probe  
  9  10:18  Probe  
  9  10:25  Probe  
  10  10:31  Pylon  
  10  10:32  Probe  
  11  10:39  Probe  
  12  10:47  Probe  
  13  10:54  Probe  
  14  10:57  Pylon  
  14  11:01  Probe  
  15  11:08  Probe  
  16  11:15  Probe  
  18  11:26  Pylon  
  18  11:28  Probe  
  18  11:31  Pylon  
  18  11:32  Zealot  
  20  12:01  Zealot  
  22  12:23  Nexus  
  22  12:26  Probe  
  22  12:30  Zealot  
  22  12:34  Probe  
  24  12:41  Probe  
  25  12:48  Probe  
  26  12:55  Probe  
  27  13:03  Probe  
  28  13:10  Probe  
  29  13:14  Gateway  
  29  13:17  Probe  
  30  13:24  Probe  
  31  13:30  Gateway  
  33  13:46  Warp Prism  
  33  13:51  Stargate  
  35  14:10  Warp Prism  
  37  14:29  Adept  
  39  14:39  Observer  
  39  14:40  Probe  
  39  14:47  Probe  
  41  14:55  Probe  
  41  14:57  Stalker  
  42  15:02  Probe  
  43  15:09  Probe  
  44  15:16  Probe  
  45  15:23  Probe  
  45  15:25  Sentry  
  48  15:30  Probe  
  47  15:38  Probe  
  47  15:44  Phoenix  
  47  15:45  Probe  
  48  15:52  Probe  
  51  15:59  Probe  
  52  16:06  Probe  
  53  16:13  Probe  
  54  16:20  Stalker  
  54  16:21  Probe  
  59  17:03  Probe  
  59  17:12  Stalker, Probe  
  59  17:19  Probe  
  58  17:24  Void Ray  
  58  17:28  Probe  
  63  17:37  Probe  
  63  17:54  Zealot  
  61  18:02  Probe  
  61  18:04  Observer  
  55  18:09  Assimilator, Probe  
  53  18:13  Zealot  
  53  18:18  Warp Prism  
  53  18:27  Void Ray  
  53  18:31  Probe  
  57  18:41  Probe  
  57  18:48  Pylon, Probe  
  53  18:49  Warp Prism  
  53  18:50  Zealot  
  56  18:55  Probe  
  55  19:04  Probe  
  56  19:13  Probe  
  56  19:19  Stalker  
  56  19:20  Observer  
  57  19:26  Probe  
  53  19:33  Probe  
  51  19:39  Zealot  
  51  19:40  Probe  
  52  19:48  Probe  
  52  19:55  Probe  
  50  20:02  Probe  
  51  20:08  Zealot  
  51  20:09  Probe  
  52  20:17  Probe  
  52  20:26  Probe  
  53  20:29  Void Ray  
  53  20:33  Probe  
  52  20:40  Probe  
  54  20:47  Probe  
  54  20:55  Stalker, Probe  
  56  21:02  Probe  
  57  21:10  Stalker, Probe  
  59  21:17  Probe  
  59  21:25  Sentry, Probe  
  57  21:27  Observer  
  57  21:34  Probe  
  53  21:41  Stalker, Probe  
  52  21:48  Observer, Probe  
  51  21:55  Probe  
  51  21:56  Zealot  
  39  22:03  Probe  
  32  22:11  Zealot, Probe  
  32  22:26  Stalker  
  31  22:59  Probe  
  31  23:18  Probe  
  31  23:23  Probe  
  31  23:33  Probe  
  31  23:34  Pylon  
  31  23:35  Stargate, Stalker  
  31  23:39  Pylon  
  31  23:40  Gateway, Probe  
  34  23:44  Pylon  
  34  23:47  Gateway  
  35  23:49  Robotics Facility  
  35  23:50  Observer, Stalker  
  39  23:59  Pylon  
  39  24:05  Zealot  
  41  24:20  Zealot  
  43  24:35  Stalker  
  45  24:50  Stalker  
  47  25:04  Sentry  
  49  25:18  Zealot  
  51  25:32  Zealot  
  51  25:33  Probe  
  53  25:40  Nexus, Probe  
  53  25:47  Probe  
  54  25:55  Probe  
  55  26:02  Probe  
  56  26:09  Probe  
  57  26:12  Zealot  
  57  26:16  Probe  
  50  26:23  Probe  
  51  26:26  Zealot  
  51  26:30  Probe  
  54  26:38  Probe  
  55  26:41  Stalker  
  55  26:45  Probe  
  58  26:52  Probe  
  59  26:55  Stalker  
  59  26:59  Probe  
  60  27:07  Probe  
  57  27:09  Zealot  
  57  27:14  Probe  
  60  27:21  Probe  
  61  27:24  Zealot  
  61  27:38  Stalker  
  63  27:52  Zealot  
  61  28:07  Stalker  
  63  28:21  Zealot  
  61  28:36  Stalker  
  63  28:44  Assimilator  
  63  28:51  Assimilator  
  63  28:54  Zealot  
  61  29:03  Pylon  
  61  29:13  Stalker  
  63  29:30  Void Ray  
  63  32:19  Immortal  
  67  32:56  Stalker  
  69  33:20  Stalker  
  71  33:32  Immortal  
  72  33:58  Void Ray  
  69  34:09  Stalker  
  69  34:34  Stalker  
  61  34:58  Stalker  
  53  35:15  Probe  
  53  35:22  Stalker, Probe  
  53  35:23  Nexus  
  55  35:30  Probe  
  56  35:37  Probe  
  56  35:39  Unknown  
  56  35:44  Probe  
  56  35:47  Stalker  
  59  35:51  Probe  
  57  35:59  Probe  
  58  36:06  Probe  
  56  36:11  Stalker  
  56  36:13  Probe  
  58  36:20  Probe  
  59  36:28  Probe  
  59  36:35  Probe  
  59  36:36  Stalker  
  61  36:42  Probe  
  61  36:50  Probe  
  60  36:57  Probe  
  60  36:58  Stalker  
  60  37:04  Probe  
  61  37:11  Probe  
  61  37:18  Probe  
  61  37:21  Stalker  
  64  37:26  Probe  
  62  37:35  Probe  
  63  37:44  Stalker  
  63  37:49  Probe  
  63  38:00  Probe  
  63  38:07  Stalker  
  63  38:14  Probe  
  63  38:30  Stalker, Probe  
  63  38:41  Probe  
  63  38:53  Stalker  
  65  38:58  Probe  
  64  39:10  Probe  
  65  39:34  Probe  
  60  40:57  Adept  
  60  41:00  Probe  
  61  41:09  Phoenix  
  60  41:15  Probe  
  62  41:29  Probe  
  63  41:36  Zealot  
  62  41:55  Adept  
  59  42:15  Adept  
  59  42:34  Zealot  
  60  42:54  Sentry  
  59  43:06  Phoenix  
  59  43:33  Zealot  
  59  43:52  Zealot  
  59  43:59  Stalker x2  
  58  44:13  Zealot  
  56  44:33  Zealot  
  56  44:42  Stalker x2  
  56  44:55  Zealot  
  56  45:24  Stalker  
  46  45:44  Sentry  
  45  46:08  Adept  
  47  46:18  Pylon  
  47  46:26  Robotics Facility  
  45  46:32  Adept  
  47  46:40  Gateway  
  47  46:49  Pylon  
  47  46:53  Pylon  
  45  46:57  Stalker  
  47  47:21  Stalker  
  49  47:33  Pylon  
  49  48:09  Pylon  
  49  48:15  Pylon  
  49  48:42  Stalker  
  49  48:46  Pylon  
  47  48:55  Pylon  
  47  49:06  Stalker  
  49  50:00  Sentry  
  50  50:17  Zealot  
  51  50:34  Sentry  
  45  50:51  Zealot  
  45  51:09  Sentry  
  40  51:25  Sentry  
  42  51:43  Zealot  
  44  51:59  Zealot  
  45  52:14  Void Ray, Stalker x2  
  45  52:17  Stalker  
  45  52:21  Void Ray  
  47  52:58  Void Ray  
  47  53:02  Zealot  
  42  53:19  Zealot  
  44  53:35  Stalker  
  38  53:52  Zealot  
  34  54:08  Zealot  
  36  54:25  Stalker  
  34  54:41  Sentry  
  36  54:57  Sentry  
  38  55:12  Sentry  
  40  55:29  Stalker  
  42  55:45  Stalker  
  44  56:00  Stalker  
  40  56:17  Zealot  
  36  56:33  Sentry  
  34  56:49  Zealot  
  34  57:05  Stalker  
  32  57:21  Stalker  
  34  57:37  Stalker  
  36  57:53  Zealot  
  34  58:09  Sentry  
  32  58:32  Stalker  
  34  58:55  Stalker  
  34  59:18  Stalker  
  36  59:29  Immortal  
  34  59:36  Stalker x2  
  36  60:05  Stalker  
  38  60:27  Stalker  
  40  60:38  Immortal  
  36  60:51  Void Ray  
  40  61:05  Immortal  
  44  61:23  Void Ray  
  44  61:38  Stalker  
  44  62:09  Stalker  
  44  62:23  Zealot  
  46  62:36  Zealot  
  46  62:37  Stalker x2  
  48  62:42  Pylon  
  48  62:43  Cybernetics Core  
  48  62:48  Gateway  
  48  62:49  Adept  
  48  63:03  Adept  
  46  63:17  Stalker  
  48  63:20  Stalker x2  
  44  63:31  Adept  
  46  63:45  Adept  
  48  63:56  Stalker x2  
  48  63:58  Adept  
  50  64:47  Stalker x2  
  50  64:59  Stalker  
  50  65:34  Stalker x2  
  50  66:13  Stalker  
  52  66:26  Stalker x2  
  50  66:35  Stalker  
  52  67:04  Stalker x2  
  44  67:37  Stalker  
  36  67:59  Stalker  
  38  68:16  Pylon  
  35  68:21  Stalker  
  35  68:26  Gateway  
  32  68:30  Probe  
  30  68:37  Probe  
  30  68:45  Probe  
  26  68:50  Stalker  
  26  68:52  Probe  
  29  69:00  Probe  
  30  69:08  Probe  
  23  69:19  Zealot  
  24  69:37  Probe  
  24  69:39  Void Ray  
  24  69:44  Probe  
  24  69:51  Probe  
  25  69:58  Probe  
  22  70:04  Immortal  
  22  70:06  Probe  
  20  70:13  Probe  
  18  70:16  Gateway  
  18  70:20  Probe  
  19  70:22  Cybernetics Core  
  19  70:27  Probe  
  19  70:28  Pylon  
  11  70:32  Warp Prism  
  11  70:33  Stargate  
  11  70:34  Probe  
  12  70:36  Stalker  
  12  70:38  Stargate  
  12  70:41  Probe  
  14  70:43  Stargate  
  14  70:49  Probe  
  14  70:56  Warp Prism, Probe  
  9  71:03  Pylon, Probe  
  12  71:11  Probe  
  11  71:13  Stargate  
  11  71:18  Probe  
  12  71:22  Pylon  
  12  71:25  Probe  
  15  71:32  Probe  
  15  71:39  Probe  
  14  71:43  Pylon  
  14  71:46  Gateway, Probe  
  15  71:50  Robotics Facility  
  15  71:51  Stargate  
  15  71:54  Probe  
  16  71:59  Pylon  
  16  72:00  Cybernetics Core  
  16  72:01  Probe  
  17  72:02  Pylon  
  17  72:08  Probe  
  18  72:09  Observer, Stargate  
  18  72:15  Pylon, Probe  
  24  72:23  Warp Prism  
  24  72:28  Pylon  
  22  72:32  Pylon  
  22  72:33  Pylon  
  21  72:45  Cybernetics Core  
Show
View Real Time Build Order
Export as new Build Order

Alebay Zerg - Winner!

Build Orders: Hatch First 

Get SALT Encoding   

  12  0:00  Drone  
  7  1:13  Drone  
  6  1:41  Drone  
  6  1:52  Drone  
  7  1:56  Drone x4  
  8  2:08  Drone  
  8  2:15  Drone x4  
  8  2:17  Drone  
  9  2:26  Drone  
  10  2:33  Drone  
  10  2:41  Drone  
  11  2:47  Drone  
  12  2:52  Overlord  
  13  3:03  Drone  
  14  3:07  Drone  
  14  3:11  Drone  
  17  3:35  Drone  
  17  3:38  Drone  
  17  3:41  Drone  
  17  3:43  Hatchery  
  17  3:44  Drone  
  17  3:47  Drone  
  17  3:50  Drone  
  19  3:56  Drone  
  22  4:05  Drone x3  
  22  4:08  Drone  
  22  4:09  Drone x2  
  22  4:10  Overlord  
  22  4:13  Overlord  
  22  4:21  Drone  
  22  4:23  Drone  
  28  4:25  Drone  
  31  4:46  Spawning Pool  
  30  5:08  Hatchery, Drone x4  
  30  5:09  Drone x2  
  30  5:10  Hatchery  
  30  5:11  Lair  
  30  5:12  Hive  
  28  5:16  Extractor  
  28  5:17  Extractor  
  32  5:25  Drone x6  
  32  5:36  Drone x3  
  38  5:43  Drone x4  
  38  5:44  Drone x6  
  38  5:45  Drone  
  38  5:47  Drone  
  38  5:49  Drone x10  
  50  6:05  Overlord x4  
  50  6:15  Drone x3  
  50  6:16  Drone  
  50  6:21  Drone x2  
  50  6:22  Drone  
  50  6:26  Drone x3  
  50  6:32  Extractor  
  53  6:34  Extractor  
  58  6:40  Drone  
  58  6:42  Drone  
  58  6:44  Drone, Extractor  
  58  6:45  Extractor  
  56  6:50  Drone x3  
  56  6:53  Drone x3  
  62  7:24  Hydralisk Den  
  62  7:27  Infestation Pit  
  60  7:31  Spire, Drone x3, Lurker Den  
  60  7:32  Drone  
  60  7:33  Nydus Network  
  60  7:36  Drone x3  
  57  7:39  Drone x3  
  57  7:41  Extractor  
  57  7:43  Extractor  
  59  7:47  Drone x3  
  59  7:48  Drone x7  
  59  7:49  Drone x2  
  77  8:26  Overlord x3  
  77  8:27  Overlord x3  
  77  8:28  Ultralisk Cavern  
  76  8:38  Drone  
  76  8:39  Infestor x3, Drone x3  
  76  8:40  Infestor x3  
  88  8:46  Overlord x5  
  88  8:47  Overlord x7  
  88  8:49  Overlord  
  88  8:50  Overlord x6  
  88  8:51  Overlord x5  
  92  9:19  Overlord  
  92  9:20  Overlord x6  
  92  9:21  Overlord x5  
  92  9:33  Overlord x2  
  92  9:34  Overlord x7  
  92  9:35  Overlord x2  
  92  9:36  Overlord  
  92  9:55  Overlord x6  
  92  9:56  Overlord x5  
  92  10:53  Hatchery  
  92  10:56  Hatchery  
  89  11:14  Hatchery  
  87  11:22  Drone x7  
  87  11:23  Drone x6  
  87  11:24  Drone  
  87  11:27  Drone x4  
  87  11:28  Drone x7  
  87  11:29  Drone x4  
  87  11:32  Drone x2  
  87  11:33  Drone x7  
  87  11:34  Drone x6  
  105  11:41  Hatchery  
  105  11:44  Hatchery  
  129  11:48  Hatchery  
  129  11:51  Hatchery  
  127  12:38  Probe x20  
  127  12:42  Probe x23  
  127  12:43  Nexus, Probe x30  
  147  12:55  Pylon  
  200  13:09  Lair  
  196  13:45  Drone x3  
  189  13:48  Drone x3  
  189  13:52  Hatchery  
  181  14:04  Evolution Chamber  
  176  14:10  Infestation Pit  
  173  14:17  Queen  
  173  14:18  Infestor x2  
  163  16:13  Infestor x3  
  169  16:20  Infestor  
  169  16:21  Infestor x2  
  169  16:22  Infestor  
  169  16:23  Infestor x2  
  169  16:24  Infestor  
  169  16:25  Infestor  
  185  17:29  Probe x15  
  185  17:36  Nexus  
  175  18:54  Ultralisk x3  
  183  19:05  Ultralisk x3  
  199  20:30  Drone  
  198  21:16  Drone x2  
  190  23:03  Overlord x29  
  190  23:17  Overlord  
  190  23:18  Overlord x24  
  190  23:20  Overlord x25  
  190  23:21  Overlord  
  190  23:22  Overseer x19, Overlord x16  
  190  23:23  Overseer x10, Overlord x24  
  190  23:25  Overlord x17  
  190  23:26  Overlord x7  
  190  23:27  Overlord x17  
  190  23:28  Overlord x16  
  190  23:29  Overlord x14  
  190  23:32  Overlord x19  
  190  23:35  Overlord x8  
  190  23:36  Overlord x13  
  190  23:38  Overlord  
  190  23:39  Overlord x24  
  190  23:40  Overlord x11  
  190  23:41  Overlord x14  
  190  23:42  Overlord x16  
  190  23:43  Overlord x17  
  190  23:44  Overlord x14  
  190  23:48  Overlord x20  
  190  23:51  Overlord x15  
  190  23:52  Overlord  
  190  23:53  Overlord x22  
  190  23:54  Overlord x2  
  190  23:55  Overlord x12  
  190  23:56  Overlord x14  
  190  23:57  Overlord  
  190  23:58  Overlord x13  
  190  23:59  Overlord x2  
  190  24:01  Overlord x7  
  190  24:02  Overseer x12, Overlord x7  
  190  24:03  Overseer x12  
  190  24:04  Overlord x3  
  190  24:05  Overlord x11  
  190  24:06  Overlord x6  
  190  24:07  Overlord x17  
  190  24:08  Drone, Overlord x6  
  190  24:09  Overlord  
  190  24:10  Overlord x15  
  190  24:17  Overlord x7  
  190  25:31  Overlord x2  
  190  25:32  Overlord x13  
  190  25:33  Overlord x11  
  190  25:34  Overlord x2  
  187  25:47  Swarm Host  
  179  26:00  Drone x6  
  179  26:01  Drone x3  
  188  26:20  Hatchery  
  187  27:54  Zergling x6  
  190  28:26  Overlord x13  
  190  28:30  Overlord x11  
  190  28:31  Overlord x3  
  190  28:32  Overlord x8  
  190  28:33  Overlord x13  
  190  28:35  Overlord x7  
  190  28:36  Overlord x9  
  190  28:37  Overlord x4  
  190  28:39  Overlord x4  
  190  28:40  Overlord  
  190  29:13  Drone  
  190  29:14  Drone x2  
  190  29:18  Hatchery  
  190  29:21  Drone x3  
  190  29:22  Drone  
  190  29:23  Drone x2  
  189  29:24  Drone x3  
  189  29:26  Drone x3  
  189  29:29  Hatchery  
  200  29:53  Drone x4  
  200  29:57  Drone x2  
  200  30:17  Overlord x12  
  200  30:18  Overlord x4  
  200  30:19  Overlord x12  
  200  30:24  Overlord x2  
  200  30:25  Overlord x3  
  200  30:53  Hatchery  
  196  32:16  Drone x4  
  200  33:04  Overlord  
  200  33:05  Overlord x14  
  200  33:06  Overlord x3  
  200  33:08  Hatchery, Overlord x7  
  200  33:09  Overlord x6  
  193  33:15  Overlord x13  
  183  33:52  Overlord x10  
  183  33:54  Overlord x3  
  183  33:55  Overlord x8  
  183  33:56  Overlord x4  
  183  33:58  Overlord x18  
  183  34:01  Overlord x10  
  183  34:02  Overlord x6  
  183  34:05  Overlord x15  
  183  34:09  Overlord x9  
  183  34:11  Overlord x11  
  183  34:12  Overlord x13  
  183  34:13  Overlord x19  
  183  34:14  Overlord x6  
  183  35:05  Overlord x8  
  183  35:06  Overlord x7  
  183  35:08  Overlord x5  
  183  35:09  Overlord x7  
  183  35:11  Overlord x12  
  183  35:12  Overlord x6  
  183  35:14  Overlord  
  167  35:51  Overlord x14  
  146  39:29  Hatchery  
  142  39:51  Drone  
  142  39:52  Drone x2  
  142  39:53  Drone  
  142  39:54  Drone x3  
  142  39:55  Drone  
  142  39:57  Drone x3  
  142  39:58  Drone  
  142  40:02  Drone x3  
  142  40:04  Drone x4  
  146  40:07  Drone  
  146  40:08  Drone x2  
  156  40:52  Overseer x2  
  156  41:02  Overseer x4  
  156  41:03  Overseer x15  
  156  41:04  Overseer x16  
  156  41:05  Overseer x16  
  156  41:06  Overseer x15  
  156  41:07  Overseer x15  
  156  41:08  Overseer x19  
  156  41:09  Overseer x20  
  156  41:10  Overseer x17  
  156  41:11  Overseer x17  
  156  41:12  Overseer x17  
  156  41:13  Overseer x6  
  156  41:14  Overseer x9  
  156  41:15  Overseer  
  156  41:17  Overseer x5  
  156  41:18  Overseer  
  156  41:19  Overseer  
  156  41:47  Overseer x9  
  156  41:48  Overseer x6  
  147  42:20  Overseer x211  
  146  43:23  Overseer x11  
  146  43:24  Overseer x21  
  146  45:13  Spire  
  145  45:16  Zerg Flyer Armor Level 1  
  125  51:33  Pylon  
  125  51:34  Pylon  
  125  51:36  Pylon  
  125  51:37  Pylon  
  125  53:13  Pylon  
  123  62:17  Zergling x6  
  126  62:24  Mutalisk x3  
  126  62:27  Mutalisk x2  
  124  63:52  Mutalisk x3  
  117  64:42  Drone x2  
  117  64:43  Drone x2  
  116  64:48  Hatchery  
  115  64:54  Drone x2  
  115  64:55  Drone  
  115  64:57  Drone  
  115  64:59  Drone  
  118  65:01  Drone  
  118  65:02  Drone x3  
  114  65:09  Drone x2  
  116  65:16  Drone  
  116  65:18  Drone  
  113  65:24  Drone  
  113  65:25  Drone x2  
  113  65:27  Drone x2  
  112  65:28  Drone  
  109  65:42  Drone x3  
  110  65:44  Drone x2  
  110  65:45  Drone  
  110  65:48  Drone x2  
  110  65:49  Greater Spire, Drone  
  106  65:54  Drone x2  
  106  65:55  Drone  
  108  65:59  Drone x3  
  118  67:03  Corruptor x6  
  130  67:08  Corruptor  
  130  67:09  Corruptor x3  
  130  67:11  Corruptor  
  136  67:38  Hatchery, Drone  
  136  67:39  Drone  
  136  67:40  Drone  
  136  67:42  Brood Lord x4, Drone  
  143  67:48  Brood Lord  
  149  67:59  Brood Lord  
  149  68:04  Brood Lord  
  153  68:22  Zerg Flyer Armor Level 2  
  153  69:02  Brood Lord x4  
  161  69:05  Corruptor x3  
  161  69:06  Corruptor x2  
  161  69:07  Drone  
  161  69:08  Drone x3  
  171  69:11  Extractor  
  171  69:13  Extractor  
  171  69:14  Extractor  
  171  69:15  Extractor  
  171  69:16  Drone x3  
  174  69:33  Corruptor  
  176  69:54  Brood Lord  
  178  70:36  Extractor  
  178  70:39  Zerg Flyer Weapons Level 1  
  177  70:44  Extractor  
  176  71:05  Hatchery  
  175  71:20  Corruptor x6  
  175  71:21  Corruptor  
  189  72:04  Brood Lord x3  
  195  72:46  Brood Lord x2  
Show
View Real Time Build Order
Export as new Build Order

MattBarry Protoss - Winner!

Build Orders:  

Get SALT Encoding   

  12  0:00  Probe x2 (Chrono Boost)  
  14  0:17  Pylon  
  14  0:31  Probe x2  
  14  0:32  Probe x3  
  14  0:38  Probe  
  14  0:49  Probe x2  
  22  1:07  Probe x2  
  22  1:10  Probe  
  22  1:12  Pylon  
  22  1:16  Probe (Chrono Boost)  
  22  1:19  Probe (Chrono Boost)  
  27  1:47  Forge  
  27  2:18  Gateway  
  27  2:22  Gateway  
  27  2:24  Pylon  
  27  2:33  Pylon  
  27  2:34  Gateway  
  27  2:40  Gateway  
  27  2:42  Gateway  
  27  2:54  Assimilator  
  27  3:12  Nexus  
  27  3:15  Probe x2  
  27  3:17  Probe  
  27  3:21  Pylon  
  27  3:23  Zealot, Probe  
  27  3:24  Probe x2  
  27  3:25  Probe  
  36  3:42  Zealot  
  36  3:45  Zealot  
  40  3:56  Cybernetics Core  
  40  4:05  Zealot x4  
  48  4:12  Zealot  
  50  4:22  Pylon  
  50  4:24  Gateway  
  50  4:28  Pylon  
  50  4:30  Zealot x3  
  56  4:55  Zealot  
  56  4:56  Zealot x4  
  56  4:57  Zealot  
  68  5:46  Probe x2  
  68  5:47  Probe x2  
  68  5:48  Probe x2  
  68  5:51  Probe  
  68  5:52  Probe x3  
  68  5:56  Assimilator  
  68  5:58  Assimilator  
  76  6:04  Assimilator  
  44  8:04  Zealot x3  
  44  8:05  Zealot  
  50  10:46  Stalker x2  
  50  10:47  Stalker x4  
  55  16:56  Pylon  
  55  17:01  Forge  
  55  17:03  Photon Cannon  
  55  17:06  Photon Cannon  
  55  17:07  Cybernetics Core  
  55  17:10  Shield Battery  
  55  17:12  Photon Cannon  
  55  17:14  Pylon  
  55  19:01  Probe x23  
  55  19:17  Probe x2  
  78  19:18  Probe x2  
  78  19:20  Probe  
  42  46:53  Pylon  
  42  48:34  Pylon  
  42  49:52  Pylon  
  42  50:49  Pylon  
  39  51:33  Probe x8  
Tags
 
Add a new tag
Caveats
  • Supply blocks, unpowered buildings, or Contaminate may cause inaccurate times.
  • Supply counts are checked every 10 seconds.